 Dungeon Crawl Stone Soup version 0.21.1-1-g345015fe64 (webtiles) character file.

14617 Htamos the Devastator (level 11, -1/121 HPs)
             Began as a Deep Elf Conjurer on July 13, 2018.
             Was a High Priest of Vehumet.
             Slain by a vault guard
             ... wielding a cursed -3 war axe
              (15 damage)
             ... on level 13 of the Dungeon.
             The game lasted 00:31:08 (15097 turns).

Htamos the Devastator (Deep Elf Conjurer)          Turns: 15097, Time: 00:31:09

Health: -1/121     AC: 25    Str: 12    XL:     11   Next: 91%
Magic:  8/31       EV:  2    Int: 24    God:    Vehumet [*****.]
Gold:   448        SH:  0    Dex: 20    Spells: 24/38 levels left

rFire    . . .     SeeInvis .   q - +4 great mace (protect)
rCold    . . .     Gourm    .   (shield currently unavailable)
rNeg     + + +     Faith    .   (armour currently unavailable)
rPois    +         Spirit   .   (helmet currently unavailable)
rElec    .         Reflect  .   (cloak currently unavailable)
rCorr    .         Harm     .   (gloves currently unavailable)
MR       +....     NoTele   +   (boots currently unavailable)
Stlth    ..........             (no amulet)
HPRegen  0.30/turn              j - +2 ring of strength
MPRegen  0.22/turn              o - ring of wizardry

@: agile, berserking, tree-form, very quick
A: no striking features
a: Renounce Religion


You were on level 13 of the Dungeon.
You worshipped Vehumet.
Vehumet was extremely pleased with you.
You were very hungry.
You were a tree.
You visited 2 branches of the dungeon, and saw 14 of its levels.

You collected 448 gold pieces.

Inventory:

Hand Weapons
 l - a +1 dagger of venom
 q - a +4 great mace of protection (weapon)
 s - a +0 hand crossbow
 N - a +0 hunting sling
 T - a +0 blowgun
Missiles
 d - 318 stones (quivered)
 f - 171 arrows
 p - 69 bolts
 w - 4 tomahawks
 G - a throwing net
 H - 31 sling bullets
 O - 9 curare-tipped needles
 S - 7 poisoned needles
Armour
 n - a +0 leather armour
 V - a +0 troll leather armour (melded)
 Z - a +2 hat of intelligence (melded)
Jewellery
 j - a +2 ring of strength (left branch)
 o - a ring of wizardry (right branch)
 K - an uncursed amulet of regeneration {unknown}
Wands
 a - a wand of random effects (32)
 v - a wand of disintegration (9)
 E - a wand of polymorph (12)
 F - a wand of clouds (5)
 J - a wand of acid (4)
 M - a wand of paralysis (10)
 W - a wand of iceblast (6)
Scrolls
 e - 3 scrolls of magic mapping
 g - a scroll of teleportation
 y - 4 scrolls of remove curse
 P - 2 scrolls of identify
 R - a scroll of fear
 U - a scroll of enchant armour
Potions
 h - a potion of brilliance
 i - 4 potions of degeneration
 m - a potion of agility
 A - 2 potions of flight
 Y - a potion of might {unknown}
Books
 b - a book of Conjurations

   Spells                             Type                      Level
   a - Magic Dart                     Conjuration                  1
   b - Searing Ray                    Conjuration                  2
   c - Dazzling Spray                 Conjuration/Hexes            3
   d - Fulminant Prism                Conjuration/Hexes            4
   e - Force Lance                    Conjuration/Translocation    4
   f - Iskenderun's Mystic Blast      Conjuration                  4
 z - a book of Misfortune

   Spells                             Type                      Level
   a - Confusing Touch                Hexes                        1
   b - Confuse                        Hexes                        3
   c - Gell's Gravitas                Translocation                3
   d - Petrify                        Transmutation/Earth          4
   e - Metabolic Englaciation         Hexes/Ice                    5
   f - Yara's Violent Unravelling     Hexes/Transmutation          5
Comestibles
 c - 21 rations


   Skills:
 - Level 2.4 Dodging
 - Level 2.4 Stealth
 - Level 14.2 Spellcasting
 + Level 16.7 Conjurations


You had 24 spell levels left.
You knew the following spells:

 Your Spells              Type           Power        Failure   Level  Hunger
a - Magic Dart            Conj           ####         0%          1    None
b - Iskenderun's Mystic   Conj           #######.     1%          4    None
c - Force Lance           Conj/Tloc      ######..     1%          4    None
d - Iskenderun's Battles  Conj/Chrm      ######..     1%          5    ##.....


Dungeon Overview and Level Annotations

Branches:
Dungeon (14/15)            Temple (1/1) D:4            Lair (0/6) D:9
    Orc (0/2) D:10
 Vaults: D:13-14

Altars:
Ashenzari
Cheibriados
Dithmenos
Elyvilon
Fedhas
Gozag
Hepliaklqana
Kikubaaqudgha
Makhleb
Nemelex Xobeh
Okawaru
Qazlal
Ru
Sif Muna
Trog
Uskayaw
Vehumet
Wu Jian
Xom
Yredelemnul
Zin
The Shining One

Shops:
D:11 !


Message History

The vault guard hits you but does no damage.
You feel agile all of a sudden.
The vault guard hits you but does no damage.
A red film seems to cover your vision as you go berserk!
You feel yourself moving faster!
You feel mighty!
The vault guard hits you but does no damage.
You thump the vault guard!
Your weapon exudes an aura of protection.
The vault guard is heavily wounded.
The vault guard hits you but does no damage.
A phantom comes into view.
The vault guard blocks your attack.
The vault guard is heavily wounded.
The vault guard hits you but does no damage.
You closely miss the vault guard.
The vault guard is heavily wounded.
The vault guard blocks your attack.
The vault guard is heavily wounded.
The vault guard hits you with a war axe!
You die...

########## ########.#####
........#?# ## ..............
##########.# #C# ######.......
#†# #.## #.###### #.#.#.#
##.###### #########
#W#.#########.......# ........#
#.#C#.#..............# ........#
#.#.#p##...............
........##.#.#.#♣#.............<.
#################................
#.................
#.................
#.................
#................
#............... ................
################


You could see a vault guard, a cyclops and a phantom.

Vanquished Creatures
  Gastronok (D:10)
  A two-headed ogre (D:8)
  The ghost of Loge the Cleaver, a novice MiBe of Trog (D:7)
  An unseen horror (D:13)
  A deep elf mage (D:11)
  Maurice (D:8)
  Joseph (D:9)
  A centaur zombie (D:13)
  A gargoyle (D:11)
  A freezing wraith (D:13)
  A troll (D:10)
  4 slime creatures (D:13)
  A hippogriff (D:8)
  Sigmund (D:6)
  A water elemental (D:11)
  A centaur simulacrum (D:14)
  A shadow (D:13)
  A human (D:8)
  A yak (D:14)
  2 hungry ghosts (D:10)
  4 hogs (D:8)
  Grum (D:9)
  14 ice beasts
  3 orc warriors
  A black bear (D:7)
  2 eyes of draining (D:11)
  2 sky beasts
  3 wolves (D:9)
  6 centaurs
  4 ogres
  A big kobold (D:10)
  9 bullfrogs
  6 scorpions
  5 wights (D:10)
  5 killer bees (D:11)
  An electric eel (D:11)
  3 howler monkeys (D:8)
  A bullfrog zombie (D:9)
  5 crimson imps
  6 lava snakes (D:8)
  A quasit (D:8)
  3 hounds
  2 orc priests
  A gnoll shaman (D:4)
  Terence (D:1)
  A centaur skeleton (D:4)
  An iguana (D:4)
  12 orc wizards
  10 worker ants
  A killer bee zombie (D:8)
  A hound skeleton (D:8)
  9 adders
  4 gnolls (D:4)
  A shadow imp (D:7)
  3 oozes
  2 worms
  2 dart slugs
  14 leopard geckos
  38 orcs
  6 bats
  6 giant cockroaches
  5 goblins
  4 hobgoblins
  4 jackals
  5 quokkas
  14 frilled lizards
  A jackal zombie (D:6)
  9 kobolds
  A leopard gecko skeleton (D:4)
  A quokka skeleton (D:4)
  8 rats
277 creatures vanquished.

Vanquished Creatures (collateral kills)
  4 slime creatures (D:13)
4 creatures vanquished.

Grand Total: 281 creatures vanquished

Notes
Turn   | Place    | Note
-------+----------+-------------------------------------------
     0 | D:1      | Htamos the Deep Elf Conjurer began the quest for the Orb.
     0 | D:1      | Reached XP level 1. HP: 10/10 MP: 6/6
   176 | D:1      | Reached XP level 2. HP: 15/15 MP: 6/9
   932 | D:2      | Noticed Terence
   985 | D:1      | Killed Terence
   985 | D:1      | Reached skill level 5 in Spellcasting
   985 | D:1      | Reached XP level 3. HP: 6/19 MP: 0/12
  1440 | D:2      | Reached XP level 4. HP: 24/24 MP: 8/14
  2149 | D:3      | Reached XP level 5. HP: 28/28 MP: 9/16
  2320 | D:3      | Found a white marble altar of Elyvilon.
  2320 | D:3      | Found a hide-covered altar of Uskayaw.
  3070 | D:4      | Reached XP level 6. HP: 23/32 MP: 8/19
  3295 | D:4      | Learned a level 4 spell: Iskenderun's Mystic Blast
  3315 | D:4      | Learned a level 4 spell: Force Lance
  3700 | D:4      | Found a staircase to the Ecumenical Temple.
  3727 | Temple   | Entered the Ecumenical Temple
  3933 | Temple   | Became a worshipper of Vehumet
  4573 | D:4      | Reached skill level 10 in Spellcasting
  4704 | D:4      | Reached XP level 7. HP: 36/36 MP: 5/22
  4868 | D:5      | Entered Level 5 of the Dungeon
  5183 | D:5      | Found an opulent altar of Gozag.
  5511 | D:5      | Reached * piety under Vehumet
  5511 | D:5      | Offered knowledge of Sting by Vehumet.
  5779 | D:6      | Found a glowing silver altar of Zin.
  6036 | D:6      | Reached XP level 8. HP: 41/41 MP: 21/26
  6067 | D:6      | Noticed Sigmund
  6172 | D:6      | Killed Sigmund
  6831 | D:6      | Offered knowledge of Flame Tongue by Vehumet.
  7058 | D:6      | Found an iron altar of Okawaru.
  7058 | D:6      | Found a shimmering altar of Xom.
  7536 | D:7      | Reached skill level 5 in Conjurations
  7711 | D:7      | Noticed Loge's ghost (novice MiBe)
  7741 | D:7      | Killed Loge's ghost
  7741 | D:7      | Reached skill level 7 in Conjurations
  7741 | D:7      | Reached XP level 9. HP: 21/45 MP: 9/29
  8025 | D:7      | Reached skill level 8 in Conjurations
  8568 | D:8      | Noticed a two-headed ogre
  8572 | D:8      | Killed a two-headed ogre
  8572 | D:8      | Reached ** piety under Vehumet
  8572 | D:8      | Reached skill level 10 in Conjurations
  9273 | D:8      | Reached XP level 10. HP: 50/50 MP: 15/30
  9532 | D:8      | Reached skill level 11 in Conjurations
 10000 | D:8      | Offered knowledge of Conjure Flame by Vehumet.
 10147 | D:8      | Noticed Maurice
 10318 | D:8      | Killed Maurice
 10318 | D:8      | Reached skill level 12 in Conjurations
 10647 | D:9      | Found a staircase to the Lair.
 10722 | D:9      | Reached *** piety under Vehumet
 10893 | D:9      | Noticed Joseph
 10897 | D:9      | Killed Joseph
 11264 | D:9      | Noticed Grum
 11270 | D:9      | Killed Grum
 11305 | D:9      | Reached skill level 13 in Conjurations
 11769 | D:10     | Entered Level 10 of the Dungeon
 12212 | D:10     | Noticed Gastronok
 12263 | D:10     | Offered knowledge of Ignite Poison by Vehumet.
 12374 | D:10     | Found a staircase to the Orcish Mines.
 13081 | D:10     | Reached **** piety under Vehumet
 13213 | D:10     | Killed Gastronok
 13213 | D:10     | Reached skill level 14 in Conjurations
 13213 | D:10     | Reached XP level 11. HP: 54/54 MP: 14/31
 13301 | D:11     | Offered knowledge of Iskenderun's Battlesphere by Vehumet.
 13308 | D:11     | Learned a level 5 spell: Iskenderun's Battlesphere
 13539 | D:11     | Noticed a deep elf mage
 13542 | D:11     | Killed a deep elf mage
 13542 | D:11     | Reached skill level 15 in Conjurations
 13662 | D:11     | Found Enaett's Distillery.
 13967 | D:11     | You fall through a shaft for 3 floors!
 14446 | D:13     | Reached skill level 16 in Conjurations
 14934 | D:13     | Reached ***** piety under Vehumet
 14966 | D:13     | Offered knowledge of Fireball by Vehumet.
 15090 | D:13     | Noticed a vault guard
 15091 | D:13     | Killed an unseen horror
 15097 | D:13     | Slain by a vault guard

Skill      XL: |  1  2  3  4  5  6  7  8  9 10 11 |
---------------+----------------------------------+-----
Spellcasting   | 4 5 6 7 8 10 12 14 | 14.2
Conjurations   | 7 10 14 16 | 16.7
Dodging        | |  2.4
Stealth        | |  2.4

Action                   |  1- 3 |  4- 6 |  7- 9 | 10-12 || total
-------------------------+-------+-------+-------+-------++-------
Melee: Great mace        |       |    11 |     5 |     9 ||    25
 Cast: Magic Dart        |    80 |   150 |   119 |    81 ||   430
       Iskenderun's Myst |       |    10 |    88 |   193 ||   291
       Force Lance       |       |     1 |     2 |       ||     3
Evoke: Wand              |       |       |       |     4 ||     4
  Use: Scroll            |       |    10 |    12 |     9 ||    31
       Potion            |       |       |     2 |     9 ||    11
 Stab: Sleeping          |       |       |       |     1 ||     1
  Eat: Chunk             |     1 |    10 |    15 |     9 ||    35
       Ration            |       |       |       |     2 ||     2
Armor: Robe              |     1 |       |       |       ||     1
       Leather armour    |       |    14 |    13 |     3 ||    30
       Skin              |       |       |     3 |    10 ||    13
       Troll leather arm |       |       |       |    15 ||    15
Dodge: Dodged            |     3 |    36 |    20 |    24 ||    83
